 Dungeon Crawl Stone Soup version 0.22-a0-3-g4fa69d9a97 (webtiles) character file.

3511 NixNut the Carver (level 9, -16/108 HPs)
             Began as a Demonspawn Gladiator on Jan 1, 2018.
             Was a Follower of Makhleb.
             Demolished by a death yak (20 damage)
             ... on level 7 of the Dungeon.
             The game lasted 00:33:04 (9635 turns).

NixNut the Carver (Demonspawn Gladiator)            Turns: 9635, Time: 00:33:04

Health: -16/108    AC:  9    Str: 22    XL:     9   Next: 81%
Magic:  9/9        EV: 15    Int:  9    God:    Makhleb [*.....]
Gold:   402        SH:  0    Dex: 20    Spells: 8/8 levels left

rFire    . . .     SeeInvis .   t - +0 triple sword
rCold    . . .     Gourm    .   (shield currently unavailable)
rNeg     . . .     Faith    .   g - +1 scale mail {MR+}
rPois    .         Spirit   .   (helmet restricted)
rElec    .         Reflect  .   (no cloak)
rCorr    .         Harm     .   e - +0 pair of gloves
MR       +....                  i - +0 pair of boots
Stlth    ..........             (no amulet)
HPRegen  0.28/turn              x - +4 ring of dexterity
MPRegen  0.11/turn              (no ring)

@: mighty, berserking, very quick
A: antennae 1, claws 1, demonic guardian 1, powered by pain 1
a: Renounce Religion


You were on level 7 of the Dungeon.
You worshipped Makhleb.
Makhleb was aware of your devotion.
You were not hungry.

You visited 1 branch of the dungeon, and saw 8 of its levels.
You also visited: Sewer.

You collected 402 gold pieces.

Inventory:

Hand Weapons
 a - a +0 long sword
 t - a +0 triple sword (weapon)
 C - a +5 scimitar
Missiles
 d - a throwing net (quivered)
 l - 30 poisoned needles
Armour
 e - a +0 pair of gloves (worn)
 g - a +1 scale mail of magic resistance (worn)
 i - a +0 pair of boots (worn)
 z - a +0 chain mail
Jewellery
 x - a +4 ring of dexterity (left hand)
Wands
 G - a wand of flame (61)
 H - a wand of acid (7)
 I - a wand of digging (16)
Scrolls
 h - 2 scrolls of amnesia {unknown}
 j - 2 scrolls of magic mapping {unknown}
 m - a scroll of fear {unknown}
 n - 4 scrolls of fog {unknown}
 p - a scroll of blinking {unknown}
 q - 9 scrolls of identify {unknown}
 s - a scroll of holy word {unknown}
 u - 3 scrolls of teleportation {unknown}
 y - 2 scrolls of immolation {unknown}
 A - 2 scrolls of remove curse {unknown}
 D - a scroll of random uselessness {unknown}
Potions
 b - a potion of ambrosia {unknown}
 k - a potion of berserk rage
 o - a potion of agility {unknown}
 r - 2 potions of degeneration {unknown}
 v - 2 potions of might {unknown}
 w - 2 potions of curing {unknown}
 E - 3 potions of haste {unknown}
Books
 c - a book of Misfortune

   Spells                             Type                      Level
   a - Confusing Touch                Hexes                        1
   b - Confuse                        Hexes                        3
   c - Gell's Gravitas                Translocation                3
   d - Petrify                        Transmutation/Earth          4
   e - Metabolic Englaciation         Hexes/Ice                    5
   f - Yara's Violent Unravelling     Hexes/Transmutation          5
 B - a book of Flames

   Spells                             Type                      Level
   a - Flame Tongue                   Conjuration/Fire             1
   b - Throw Flame                    Conjuration/Fire             2
   c - Conjure Flame                  Conjuration/Fire             3
   d - Inner Flame                    Hexes/Fire                   3
   e - Sticky Flame                   Conjuration/Fire             4
   f - Fireball                       Conjuration/Fire             5
Comestibles
 f - 10 rations
 F - 4 chunks of flesh


   Skills:
 + Level 7.3 Fighting
 * Level 9.6 Long Blades
 - Level 1.7 Throwing
 + Level 7.0 Dodging


You had 8 spell levels left.
You didn't know any spells.

Dungeon Overview and Level Annotations

Branches:
Dungeon (8/15)             Temple (0/1) D:7
   Lair: D:8-11

Altars:
Ashenzari
Fedhas
Kikubaaqudgha
Makhleb
Qazlal
Ru
Uskayaw
Wu Jian
The Shining One

Shops:
D:4 *   D:8 (


Innate Abilities, Weirdness & Mutations

You have a pair of small antennae on your head.
You have sharp fingernails.
A weak demonic guardian rushes to your aid.
You sometimes gain a little power by taking damage.


Message History

There is a stone staircase leading up here.
The gnoll closely misses you. The gnoll hits you with a club.
* * * LOW HITPOINT WARNING * * *
You climb upwards.
There is a stone staircase leading down here.
A red film seems to cover your vision as you go berserk!
You feel yourself moving faster!
You feel mighty! The gnoll hits you but does no damage.
The death yak gores you!!
* * * LOW HITPOINT WARNING * * *
You focus on the pain.
You feel very mighty all of a sudden.
You barely miss the death yak.
The death yak is heavily wounded.
The gnoll barely misses you.
You riposte.
You hit the gnoll.
The gnoll is lightly wounded.
You slash the death yak!
The death yak is severely wounded.
The death yak barely misses you. The gnoll barely misses you.
The death yak gores you!!
You die...

#....#
#.###.###.........#..#.#
#....#
#......##.#########..#.#
.....# ######.##.# #..#.#
###### #..#.# #..#.###
##.#.#########..#....
#######...#.........)..###
#.........#.#######.......
##........Y#.#...##...#.###
#........g@#.#........#.#
#.......####.'........#.#
#.......######....#...#.#
#.............#.......#.#
#...............#.#####.#
#..............##.# ###.#
#..............##.# #...#
#..............##.# #.#####
#..............##.# #.##..#


You could see a death yak and a gnoll.

Vanquished Creatures
  A death yak (D:8)
  A wyvern (D:7)
  2 water moccasins
  Duvessa (D:7)
  2 orc warriors (D:8)
  A sky beast (D:5)
  A black bear (D:7)
  3 ogres
  A centaur (D:7)
  A big kobold (D:8)
  3 bullfrogs
  Dowan (D:7)
  3 scorpions
  A water moccasin skeleton (D:5)
  3 wights
  2 crimson imps
  4 hounds
  2 centaur skeletons
  3 orc priests
  A bullfrog skeleton (D:6)
  Terence (D:3)
  4 iguanas
  2 orc wizards
  7 worker ants
  A howler monkey skeleton (D:4)
  12 adders
  2 shadow imps (D:8)
  8 oozes (Sewer)
  An adder skeleton (D:4)
  3 worms
  8 dart slugs
  11 leopard geckos
  19 orcs
  17 giant cockroaches
  5 goblins
  3 hobgoblins (D:2)
  12 jackals
  12 kobolds
  4 quokkas
  13 ball pythons
  7 bats
  15 frilled lizards
  A quokka skeleton (D:5)
  7 rats
  A plant (D:2)
213 creatures vanquished.

Vanquished Creatures (collateral kills)
  A water moccasin (D:6)
  A necrophage (D:5)
  An ogre (D:5)
  A scorpion (D:5)
  An iguana (D:3)
  9 orcs
  A goblin (D:3)
  A hobgoblin (D:3)
  2 jackals (D:7)
  A kobold (D:3)
  A frilled lizard (D:3)
20 creatures vanquished.

Grand Total: 233 creatures vanquished

Notes
Turn   | Place    | Note
-------+----------+-------------------------------------------
     0 | D:1      | NixNut the Demonspawn Gladiator began the quest for the Orb.
     0 | D:1      | Reached XP level 1. HP: 16/16 MP: 1/1
   272 | D:1      | Reached skill level 3 in Long Blades
   272 | D:1      | Gained mutation: You sometimes gain a little power by taking damage. [demonic ancestry]
   272 | D:1      | Reached XP level 2. HP: 22/22 MP: 2/2
   767 | D:2      | Gained mutation: A weak demonic guardian rushes to your aid. [demonic ancestry]
   767 | D:2      | Reached XP level 3. HP: 26/28 MP: 3/3
  1609 | D:3      | Found an ancient bone altar of Kikubaaqudgha.
  1626 | D:3      | Gained mutation: You have sharp fingernails. [demonic ancestry]
  1626 | D:3      | Reached XP level 4. HP: 9/34 MP: 4/4
  1857 | D:3      | Found a glowing drain.
  1866 | Sewer    | Entered a sewer
  1980 | Sewer    | Reached skill level 4 in Long Blades
  2199 | Sewer    | Reached XP level 5. HP: 31/41 MP: 5/5
  2947 | Sewer    | Gained mutation: You have a pair of small antennae on your head. [demonic ancestry]
  2947 | Sewer    | Reached XP level 6. HP: 29/47 MP: 6/6
  2951 | Sewer    | Reached skill level 5 in Long Blades
  3391 | D:3      | Found a sacrificial altar of Ru.
  3391 | D:3      | Noticed Terence
  3401 | D:3      | Killed Terence
  4074 | D:3      | Reached XP level 7. HP: 54/54 MP: 7/7
  4776 | D:4      | Found Puda's Elemental Accessories.
  4944 | D:4      | Reached skill level 6 in Long Blades
  5570 | D:5      | Entered Level 5 of the Dungeon
  5940 | D:5      | Found a shattered altar of Ashenzari.
  6023 | D:5      | Reached skill level 5 in Fighting
  6023 | D:5      | Reached XP level 8. HP: 38/62 MP: 8/8
  6025 | D:5      | Reached skill level 5 in Dodging
  6307 | D:5      | Found a burning altar of Makhleb.
  6320 | D:5      | Became a worshipper of Makhleb the Destroyer
  6367 | D:5      | Reached skill level 7 in Long Blades
  6510 | D:6      | Found a hide-covered altar of Uskayaw.
  6762 | D:6      | Found a burning altar of Makhleb.
  6762 | D:6      | Found a glowing golden altar of the Shining One.
  7304 | D:7      | Noticed Dowan
  7326 | D:7      | Killed Dowan
  7397 | D:7      | Reached * piety under Makhleb
  7576 | D:7      | Reached skill level 8 in Long Blades
  7717 | D:7      | Reached XP level 9. HP: 46/69 MP: 9/9
  7766 | D:7      | Noticed Duvessa
  7785 | D:7      | Killed Duvessa
  8066 | D:7      | Found a stormy altar of Qazlal.
  8076 | D:7      | Found a blossoming altar of Fedhas.
  8100 | D:7      | Found an ornate altar of the Wu Jian Council.
  8183 | D:7      | Found a staircase to the Ecumenical Temple.
  9121 | D:8      | Found Him Ycow's Antique Weapon Shop.
  9246 | D:8      | Reached skill level 9 in Long Blades
  9578 | D:8      | Noticed a death yak
  9589 | D:8      | Killed a death yak
  9590 | D:8      | Noticed a death yak
  9633 | D:7      | HP: 3/108 [death yak (22)]
  9635 | D:7      | Demolished by a death yak

Vault maps used:
D:1:      dpeg_arrival_shelter
D:2:      serial_forest, infiniplex_forest_zigzag_1, infiniplex_forest_clump_C,
          infiniplex_forest_zigzag_1, infiniplex_forest_corner_1,
          infiniplex_forest_clump_double, infiniplex_forest_zigzag_1,
          infiniplex_forest_lined_3_way, infiniplex_forest_clump_long,
          infiniplex_forest_straight_2
D:3:      overflow_temple_1_default, cheibrodos_sewer_entry_drain, first_ration,
          nicolae_ru_awakened_eye, uniq_terence
D:4:      st_stairs_5, nicolae_elemental_shop
D:5:      ashenzari_conservatory_becter, basic_altar, serial_bayou_lagoon_a
D:6:      lemuel_doored_altar, gammafunk_temple_overflow_wave,
          kennysheep_small_spiral
D:7:      grunt_temple_overflow_forces_of_nature, kennysheep_mini_moat,
          temple_pool_b, zaba_anthole, uniq_duvessa
D:8:      tgw_trog, dpeg_lair_monsters, serial_shops, shop
Sewer:    sewer_frog_island_02

Skill      XL: |  1  2  3  4  5  6  7  8  9 |
---------------+----------------------------+-----
Long Blades    | 3 4 5 6 8 9 |  9.6
Dodging        | 3 4 6 7 |  7.0
Fighting       | 3 4 5 6 7 |  7.3
Throwing       | |  1.7

Action                   |  1- 3 |  4- 6 |  7- 9 || total
-------------------------+-------+-------+-------++-------
Melee: Long sword        |   154 |   240 |   247 ||   641
       Scimitar          |       |       |   137 ||   137
       Triple sword      |       |       |    15 ||    15
Throw: Throwing net      |     2 |     2 |       ||     4
  Use: Potion            |       |     1 |     4 ||     5
 Stab: Sleeping          |       |     2 |     2 ||     4
       Distracted        |       |       |     2 ||     2
  Eat: Chunk             |     2 |     6 |     9 ||    17
       Ration            |     1 |       |     3 ||     4
Armor: Leather armour    |    31 |   109 |    20 ||   160
       Chain mail        |       |       |    78 ||    78
       Scale mail        |       |       |    21 ||    21
Dodge: Dodged            |    81 |   223 |   240 ||   544
       Rpst.: Long sword |    29 |    57 |    43 ||   129
       Scimitar          |       |       |    25 ||    25
       Triple sword      |       |       |     3 ||     3

Table legend:
 A = Spawn XP
 B = Non-spawn XP
 C = Spawn XP percentage of total XP
 D = Spawn monster count
 E = Non-spawn monster count
 F = Spawn count percentage of total count
 G = Total turns spent on level
                    A         B        C        D         E        F      G
               +---------+---------+-------+---------+---------+-------+---------
         Total |       0 |    5017 |   0.0 |       0 |     232 |   0.0 |  9635
               +---------+---------+-------+---------+---------+-------+---------
           D:1 |       0 |      35 |   0.0 |       0 |      19 |   0.0 |   734
           D:2 |       0 |      45 |   0.0 |       0 |      18 |   0.0 |  1095
           D:3 |       0 |     287 |   0.0 |       0 |      33 |   0.0 |  1118
           D:4 |       0 |     401 |   0.0 |       0 |      23 |   0.0 |  1191
           D:5 |       0 |     711 |   0.0 |       0 |      17 |   0.0 |  1074
           D:6 |       0 |     401 |   0.0 |       0 |      11 |   0.0 |   627
           D:7 |       0 |     976 |   0.0 |       0 |      27 |   0.0 |  1340
           D:8 |       0 |    1794 |   0.0 |       0 |      24 |   0.0 |  1024
         Sewer |       0 |     367 |   0.0 |       0 |      60 |   0.0 |  1432
               +---------+---------+-------+---------+---------+-------+---------
